Map: Dusk Towers

Players

RadianAngel

  • Race: Zerg Zerg
  • League: Master

DaBusDriver - Winner!

  • Race: Protoss Protoss
  • League: Diamond

VOD

Have the link to the VOD?

Description

Good Game

Time

  • Played on: April 23, 2016, 10:14 a.m.
  • Length: 17:15
Show
View Real Time Build Order
Export as new Build Order

RadianAngel Zerg 

Build Orders: Hatch First 

Get SALT Encoding   

  12  0:01  Drone  
  13  0:12  Overlord  
  13  0:18  Drone  
  14  0:26  Extractor, Drone  
  15  0:30  Drone  
  15  0:34  Drone  
  17  0:59  Hatchery  
  17  1:00  Drone  
  17  1:01  Drone  
  18  1:08  Drone  
  19  1:14  Extractor  
  18  1:24  Spawning Pool  
  17  1:26  Drone  
  18  1:57  Drone x2  
  18  1:59  Drone  
  21  2:08  Drone  
  21  2:11  Queen  
  21  2:12  Queen  
  26  2:20  Overlord  
  27  2:22  Drone  
  27  2:23  Drone  
  27  2:27  Metabolic Boost  
  28  2:31  Overlord  
  28  2:39  Drone  
  28  2:41  Drone  
  28  2:44  Drone  
  31  2:58  Drone x2  
  33  3:08  Drone  
  33  3:10  Lair  
  33  3:11  Drone  
  35  3:14  Extractor, Drone  
  35  3:15  Drone  
  35  3:16  Extractor  
  35  3:25  Overlord  
  35  3:31  Drone x5  
  40  3:51  Drone  
  40  3:52  Extractor, Drone  
  40  3:55  Overlord x2  
  41  4:00  Drone x2  
  43  4:04  Hatchery  
  43  4:08  Spire  
  41  4:13  Spore Crawler  
  41  4:14  Spore Crawler  
  39  4:17  Drone x2  
  39  4:18  Drone  
  42  4:28  Drone x2  
  42  4:30  Overlord  
  44  4:32  Drone x2  
  44  4:35  Drone x2  
  48  4:59  Zergling x4  
  51  5:00  Zergling x4  
  52  5:19  Mutalisk x8  
  68  5:26  Queen  
  68  5:28  Overlord  
  70  5:29  Drone  
  70  5:30  Drone x3  
  74  5:35  Infestation Pit  
  74  5:37  Evolution Chamber  
  74  5:39  Evolution Chamber  
  71  5:43  Drone  
  71  5:45  Drone x2  
  71  5:46  Drone x4  
  78  6:10  Mutalisk  
  78  6:11  Mutalisk  
  82  6:23  Spore Crawler  
  81  6:38  Drone  
  81  6:39  Drone x4, Overlord x3  
  80  6:40  Drone x2  
  80  6:44  Extractor  
  81  6:53  Overlord x2  
  81  6:55  Zerg Melee Weapons Level 1, Hive  
  81  6:56  Zerg Ground Armor Level 1  
  81  7:08  Overlord x2  
  81  7:13  Extractor  
  81  7:15  Overlord  
  80  7:25  Hatchery  
  80  7:27  Hatchery  
  74  7:36  Corruptor  
  58  7:37  Corruptor x7  
  58  7:41  Drone x4  
  58  7:42  Drone x2  
  75  8:15  Corruptor x2  
  80  8:20  Drone x11  
  80  8:21  Drone x3  
  93  8:28  Viper  
  93  8:29  Viper  
  99  8:56  Queen  
  99  8:59  Drone x8  
  99  9:00  Drone x5  
  99  9:01  Queen, Extractor  
  99  9:02  Spore Crawler  
  114  9:05  Extractor, Spore Crawler  
  111  9:19  Corruptor x3  
  111  9:21  Viper  
  111  9:22  Viper  
  123  9:24  Zerg Melee Weapons Level 2  
  123  9:25  Zerg Ground Armor Level 2  
  123  9:33  Extractor  
  123  9:34  Extractor, Spore Crawler  
  123  9:36  Spore Crawler  
  119  9:43  Viper  
  119  9:44  Overlord  
  119  9:45  Overlord  
  122  9:49  Zerg Flyer Weapons Level 1  
  122  9:53  Drone x3  
  122  9:54  Drone x3  
  118  10:22  Drone  
  118  10:23  Hatchery, Drone x7  
  118  10:24  Drone x9  
  118  10:27  Drone  
  135  10:30  Overlord x3  
  135  10:46  Drone  
  135  10:47  Drone x4  
  135  11:02  Drone x2  
  135  11:03  Drone x8  
  139  11:12  Corruptor  
  139  11:13  Corruptor x6  
  153  11:20  Spire  
  152  11:28  Hatchery, Extractor  
  152  11:30  Overlord  
  150  11:34  Corruptor  
  152  12:13  Corruptor  
  152  12:14  Corruptor x9  
  160  12:28  Corruptor  
  160  12:29  Corruptor x4  
  169  12:37  Zerg Flyer Weapons Level 2  
  169  12:38  Zerg Flyer Armor Level 1  
  169  12:46  Hatchery  
  168  12:55  Hatchery  
  167  13:01  Hatchery  
  157  13:50  Spawning Pool, Mutalisk  
  157  13:51  Mutalisk x4  
  162  14:00  Overlord x2  
  162  14:02  Overlord x2  
  107  14:30  Overlord  
  107  14:31  Overlord x4  
Show
View Real Time Build Order
Export as new Build Order

DaBusDriver Protoss - Winner!

Build Orders: 1 Gate Expand, Oracle Opening 

Get SALT Encoding   

  12  0:01  Probe (Chrono Boost)  
  13  0:11  Probe (Chrono Boost)  
  14  0:19  Pylon  
  14  0:23  Probe (Chrono Boost)  
  15  0:38  Probe (Chrono Boost)  
  16  0:43  Gateway  
  16  0:48  Probe (Chrono Boost)  
  17  0:59  Assimilator, Probe (Chrono Boost)  
  18  1:05  Assimilator  
  18  1:09  Probe (Chrono Boost)  
  19  1:20  Probe (Chrono Boost)  
  20  1:30  Probe (Chrono Boost)  
  21  1:40  Nexus  
  21  1:41  Probe (Chrono Boost)  
  22  1:51  Probe (Chrono Boost)  
  23  1:56  Cybernetics Core  
  23  2:12  Pylon  
  23  2:24  Pylon  
  23  2:30  Probe (Chrono Boost)  
  23  2:32  Stalker  
  26  2:41  Mothership Core (Chrono Boost)  
  28  2:46  Assimilator  
  28  2:47  Stargate  
  28  2:53  Probe (Chrono Boost)  
  29  2:59  Probe (Chrono Boost)  
  29  3:02  Stargate  
  29  3:04  Probe (Chrono Boost)  
  31  3:21  Probe x2 (Chrono Boost), Stargate  
  33  3:28  Assimilator  
  33  3:32  Probe x2 (Chrono Boost)  
  35  3:42  Oracle  
  35  3:45  Probe x2 (Chrono Boost)  
  40  3:50  Pylon  
  40  3:56  Probe x2 (Chrono Boost)  
  40  3:59  Oracle  
  45  4:05  Pylon  
  45  4:06  Probe (Chrono Boost)  
  45  4:08  Probe (Chrono Boost)  
  47  4:17  Probe (Chrono Boost)  
  47  4:19  Probe (Chrono Boost)  
  47  4:20  Oracle (Chrono Boost)  
  52  4:29  Probe x2 (Chrono Boost)  
  54  4:36  Oracle (Chrono Boost)  
  57  4:41  Pylon  
  57  4:43  Forge  
  57  4:47  Oracle (Chrono Boost)  
  60  5:00  Pylon  
  60  5:06  Oracle (Chrono Boost)  
  63  5:08  Probe  
  63  5:10  Probe  
  65  5:18  Photon Cannon  
  65  5:19  Photon Cannon  
  65  5:31  Photon Cannon x2  
  69  5:48  Photon Cannon  
  73  5:55  Phoenix (Chrono Boost)  
  71  5:58  Phoenix (Chrono Boost)  
  71  5:59  Phoenix (Chrono Boost)  
  71  6:17  Phoenix (Chrono Boost)  
  73  6:23  Phoenix (Chrono Boost)  
  73  6:24  Phoenix (Chrono Boost)  
  74  6:39  Phoenix (Chrono Boost)  
  73  6:46  Nexus  
  77  6:48  Phoenix (Chrono Boost)  
  77  6:49  Phoenix (Chrono Boost)  
  74  6:57  Photon Cannon  
  74  7:00  Phoenix (Chrono Boost)  
  74  7:01  Pylon  
  76  7:05  Pylon  
  76  7:07  Fleet Beacon  
  76  7:09  Pylon  
  66  7:39  Void Ray (Chrono Boost)  
  78  7:45  Void Ray x2 (Chrono Boost)  
  78  7:48  Probe  
  79  7:57  Pylon  
  79  7:58  Pylon  
  79  8:00  Probe, Pylon  
  80  8:12  Probe  
  81  8:17  Void Ray (Chrono Boost)  
  81  8:18  Probe  
  85  8:20  Probe  
  95  8:28  Void Ray x2 (Chrono Boost)  
  95  8:29  Probe  
  96  8:35  Pylon  
  96  8:39  Probe  
  97  8:50  Probe  
  97  8:52  Photon Cannon  
  97  8:54  Void Ray (Chrono Boost)  
  102  9:04  Pylon  
  102  9:05  Pylon  
  104  9:10  Void Ray (Chrono Boost)  
  108  9:28  Void Ray (Chrono Boost)  
  112  9:31  Void Ray (Chrono Boost)  
  112  9:34  Probe  
  113  9:44  Probe  
  113  9:48  Photon Cannon  
  113  9:51  Photon Cannon  
  113  9:52  Gateway  
  118  9:53  Void Ray (Chrono Boost)  
  118  9:55  Gateway, Probe  
  118  9:56  Assimilator  
  119  10:01  Assimilator  
  119  10:05  Probe  
  118  10:24  Void Ray (Chrono Boost)  
  126  10:29  Void Ray (Chrono Boost)  
  126  10:32  Probe  
  127  10:42  Void Ray (Chrono Boost)  
  131  10:43  Probe  
  124  11:13  Stalker x2  
  124  11:17  Gateway  
  128  11:25  Pylon  
  128  11:27  Nexus  
  125  11:42  Stalker  
  125  11:44  Stalker  
  129  11:48  Gateway  
  129  11:51  Gateway  
  129  11:52  Gateway  
  129  11:54  Gateway  
  129  11:55  Pylon  
  129  11:56  Pylon  
  129  11:58  Pylon  
  125  12:12  Stalker  
  125  12:14  Stalker  
  129  12:27  Stalker  
  131  12:41  Stalker x4  
  131  12:42  Stalker  
  141  12:44  Stalker  
  141  12:47  Pylon  
  141  12:49  Pylon  
  143  13:02  Nexus  
  143  13:11  Stalker x4  
  151  13:23  Assimilator  
  151  13:28  Assimilator, Stalker  
  151  13:29  Stalker x2  
  151  13:30  Pylon  
  151  13:32  Pylon  
  157  13:35  Pylon  
  157  13:41  Stalker x4  
  165  13:58  Stalker x2  
  165  13:59  Stalker  
  167  14:11  Stalker x4  
  171  14:34  Stalker x3  
  175  14:54  Stalker  
  177  15:04  Stalker x2  
Tags
 
Add a new tag
Caveats
  • Supply blocks, unpowered buildings, or Contaminate may cause inaccurate times.
  • Supply counts are checked every 10 seconds.